 Dungeon Crawl Stone Soup version 0.27.0-1-g7a089689b8 (webtiles) character file.

Game seed: 12999959660315229627

42 inmateoo the Skirmisher (level 3, -3/23 HPs)
             Began as a Tengu Warper on Aug 6, 2021.
             Killed by a bolt of acid (19 damage)
             ... invoked by the enmity of Fedhas Madash
             ... on level 2 of the Dungeon.
             The game lasted 00:01:19 (1061 turns).

inmateoo the Skirmisher (Tengu Warper)              Turns: 1061, Time: 00:01:20

Health: -3/23      AC:  3    Str: 12    XL:     3   Next: 54%
Magic:  7/7        EV: 11    Int: 13    God:
Gold:   51         SH:  3    Dex: 13    Spells: 6/6 levels left

rFire    . . .     SeeInvis .   a - +0 falchion
rCold    . . .     Faith    .   h - +0 buckler
rNeg     . . .     Spirit   .   b - +0 leather armour
rPois    .         Reflect  .   (helmet restricted)
rElec    .         Harm     .   (no cloak)
rCorr    .         Rampage  .   (no gloves)
Will     .....                  (boots unavailable)
Stlth    +.........             (no amulet)
HPRegen  0.07/turn              (no ring)
MPRegen  0.10/turn              (no ring)

@: no status effects
A: beak, talons 3
a: no special abilities


You were on level 2 of the Dungeon.
You visited 1 branch of the dungeon, and saw 2 of its levels.

You collected 51 gold pieces.

Inventory:

Hand Weapons
 a - a +0 falchion (weapon)
Missiles
 d - 5 boomerangs of dispersal (quivered)
 f - 6 boomerangs
Armour
 b - a +0 leather armour (worn)
 h - a +0 buckler (worn)
Scrolls
 c - a scroll of blinking
 e - a scroll of vulnerability {unknown}
 g - a scroll of silence {unknown}
Potions
 i - a potion of degeneration {unknown}


   Skills:
 * Level 3.0 Fighting
 + Level 2.8 Long Blades
 - Level 1.0 Throwing
 + Level 1.4 Armour
 + Level 2.3 Dodging
 + Level 0.7 Shields
 - Level 2.0 Spellcasting
 - Level 2.4 Translocations


You had 6 spell levels left.
You didn't know any spells.
Your spell library contained the following spells:

 Spells                   Type           Power      Damage    Failure   Level
 Blink                    Tloc           N/A        N/A       28%         2
 Gell's Gravitas          Tloc           3%         N/A       50%         3
 Lesser Beckoning         Tloc           3%         N/A       50%         3
 Teleport Other           Tloc           7%         N/A       50%         3
 Manifold Assault         Tloc           7%         N/A       99%         5


Dungeon Overview and Level Annotations

Branches:
Dungeon (2/15)

Altars:
Fedhas


Innate Abilities, Weirdness & Mutations

You have a beak for a mouth.
You have claws for feet.


Message History

You riposte.
You hit the adder.
The adder is lightly wounded.
You closely miss the adder. Your kick misses the adder.
The adder is lightly wounded.
The adder barely misses you.
You hit the adder. You claw the adder.
The adder is severely wounded.
The adder bites you.
You are poisoned.
The adder poisons you! The adder barely misses you.
You hit the adder.
You kill the adder!
You feel sick.
Your Fighting skill increases to level 3!
You hit the frilled lizard.
You kill the frilled lizard!
You feel sick.
No target in view!
You feel sick.
Found a stone staircase leading down.
There is an open door here.
You feel sick.
No target in view!
You start resting.
You feel sick.
You are no longer poisoned.
There is a stone staircase leading down here.
Key pressed, stopping explore.
No target in view!
You open the door.
There is an open door here.
i - a black potion No target in view!
No target in view!
You open the door.
There is an open door here.
You open the door. Fedhas invokes nature against you.
The bolt of acid hits you!!
Ouch! That really hurt!
You die...

##### #...# #...#
#...#######
########...#.....#######
.......'...'....@'....$)
########...#.....##.####
#....##...#.....#
#.##.######.....# #.##.#
#.....#
##.##.######.....#
...........+.....#
##+##'######.....#
........####.....#


You could see the enmity of Fedhas Madash (unaware).

Vanquished Creatures
  2 adders (D:2)
  A worm (D:2)
  3 endoplasms (D:1)
  2 giant cockroaches
  A goblin (D:1)
  2 hobgoblins (D:1)
  A kobold (D:1)
  2 quokkas (D:1)
  A ball python (D:1)
  2 bats
  2 frilled lizards
  A rat (D:1)
20 creatures vanquished.

Notes
Turn   | Place    | Note
-------+----------+-------------------------------------------
     0 | D:1      | inmateoo the Tengu Warper began the quest for the Orb.
     0 | D:1      | Reached XP level 1. HP: 12/12 MP: 4/4
     9 | D:1      | Found a faded altar of an unknown god.
    21 | D:1      | Became a worshipper of Fedhas Madash
    21 | D:1      | Reached * piety under Fedhas
    28 | D:1      | Fell from the grace of Fedhas
   319 | D:1      | Reached XP level 2. HP: 18/18 MP: 6/6
   798 | D:2      | Reached XP level 3. HP: 22/22 MP: 7/7
  1021 | D:2      | Reached skill level 3 in Fighting
  1061 | D:2      | Killed by a bolt of acid

Illustrated notes

Levels and vault maps discovered:
D:1:      dpeg_arrival_shelter, layout_basic, ebering_ecumenical_altar_abandoned
D:2:      minmay_alternating_diamond, layout_basic

Skill      XL: |  1  2  3 |
---------------+----------+-----
Fighting       | 3 |  3.0
Long Blades    | |  2.8
Throwing       | |  1.0
Armour         | |  1.4
Dodging        | |  2.3
Shields        | |  0.7
Spellcasting   | |  2.0
Translocations | |  2.4

Action                   || total
-------------------------++-------
Melee: Falchion          ||    41
       Kick              ||    10
       Peck              ||     4
Invok: Renounce Religion ||     1
 Stab: Sleeping          ||     2
Armor: Leather armour    ||     9
Dodge: Dodged            ||    25
Block: Buckler           ||     5
       Rpst.: Falchion   ||     9
